 Dungeon Crawl Stone Soup version 0.30-a0-996-ga6910c8ee8 (webtiles) character file.

Game seed: 10472622638455086261

2238 NinjaNoafa the Grappler (level 9, -13/88 HPs)
             Began as a Troll Fighter on Apr 4, 2023.
             Mangled by an ice devil (22 damage)
             ... summoned by an orc high priest
             ... in a bailey.
             The game lasted 00:08:41 (5131 turns).

NinjaNoafa the Grappler (Troll Fighter)             Turns: 5131, Time: 00:08:41

Health: -13/88     AC:  6    Str: 26    XL:     9   Next: 14%
Magic:  8/8        EV:  8    Int:  8    God:
Gold:   412        SH:  9    Dex:  9    Spells: 8/8 levels left

rFire   . . .      SeeInvis +      - Unarmed
rCold   . . .      Faith    .    b - +0 kite shield
rNeg    . . .      Spirit   .    x - +0 troll leather armour {Pargi}
rPois   .          Reflect  .    (helmet restricted)
rElec   .          Rampage  .    (no cloak)
rCorr   .                        (gloves unavailable)
Will    .....                    (boots unavailable)
Stlth   +                        (no amulet)
HPRegen 1.94/turn                n - ring of see invisible
MPRegen 0.11/turn                (no ring)

@: spiked
A: large, unfitting armour, claws 3, regeneration 1, shaggy fur 1, tough skin 1
a: no special abilities


You were in a bailey.
You visited 1 branch of the dungeon, and saw 7 of its levels.
You also visited: Sewer and Bailey.

You collected 412 gold pieces.

Inventory:

Missiles
 y - 9 poisoned darts (quivered)
 E - 2 throwing nets
 H - 3 boomerangs
Armour
 b - a +0 kite shield (worn)
 x - a +0 troll leather armour (worn) {Pargi}
Jewellery
 n - a ring of see invisible (left claw)
Wands
 a - a wand of mindburst (6)
 u - a wand of polymorph (3)
 A - a wand of flame (13)
 F - a wand of charming (1)
Scrolls
 e - 2 scrolls of poison {unknown}
 g - a scroll of immolation {unknown}
 h - a scroll of vulnerability {unknown}
 j - 2 scrolls of identify {unknown}
 o - 3 scrolls of teleportation {unknown}
 s - a scroll of silence {unknown}
 t - a scroll of amnesia {unknown}
 v - a scroll of blinking {unknown}
 w - 2 scrolls of enchant armour {unknown}
 C - a scroll of summoning {unknown}
 G - a scroll of fear {unknown}
Potions
 c - 2 potions of might
 d - 4 potions of degeneration {unknown}
 f - 4 potions of invisibility {unknown}
 i - 4 potions of mutation {unknown}
 k - 5 potions of curing
 l - 4 potions of haste {unknown}
 m - 2 potions of resistance {unknown}
 p - a potion of cancellation {unknown}
 q - 2 potions of heal wounds {unknown}
 z - a potion of flight {unknown}
 B - 2 potions of lignification {unknown}
 D - a potion of brilliance {unknown}


   Skills:
 + Level 5.5 Fighting
 - Level 2.4 Dodging
 + Level 6.2 Shields
 * Level 8.9 Unarmed Combat


You had 8 spell levels left.
You didn't know any spells.
Your spell library contained the following spells:

 Spells                   Type           Power      Damage    Failure   Level
 Necrotise                Necr           0%         1d4       71%         1
 Sandblast                Erth           0%         2d4       71%         1
 Blink                    Tloc           0%         N/A       85%         2
 Lesser Beckoning         Tloc           0%         N/A       85%         2
 Momentum Strike          Conj/Tloc      0%         3d8       85%         2
 Passwall                 Tmut/Erth      0%         N/A       85%         2
 Call Canine Familiar     Summ           0%         N/A       97%         3
 Portal Projectile        Hex/Tloc       0%         N/A       97%         3
 Stone Arrow              Conj/Erth      0%         3d7       97%         3
 Vampiric Draining        Necr           0%         2d6       97%         3
 Vhi's Electric Charge    Tloc/Air       0%         N/A       97%         3
 Leda's Liquefaction      Hex/Erth       0%         N/A       100%        4
 Agony                    Necr           0%         N/A       100%        5
 Arcjolt                  Conj/Air       0%         1d10      100%        5
 Maxwell's Capacitive Co  Air            0%         ∞         100%        8


Dungeon Overview and Level Annotations

Branches:
Dungeon (7/15)              Sewer (visited)          Bailey (1/1)
 Temple: D:4-7

Altars:
Dithmenos
Gozag

Shops:
D:1 (


Innate Abilities, Weirdness & Mutations

You are too large for most types of armour.
You have claws for hands.
Your natural rate of healing is unusually fast.
You are covered in fur. (AC +1)
You have tough skin. (AC +1)


Message History

Barbed spikes become lodged in your body.
Unknown command.
You completely miss the orc high priest.
The orc high priest is severely wounded.
The orc high priest mumbles some strange prayers to Beogh.
You block the red devil's attack. You block the orc high priest's attack.
You barely miss the orc high priest.
The orc high priest is severely wounded.
The red devil hits you from afar with a +0 trident!
Barbed spikes become lodged in your body.
Unknown command.
You barely miss the orc high priest.
The orc high priest is severely wounded.
The ice devil hits you! The ice devil freezes you!
* * * LOW HITPOINT WARNING * * *
The orc high priest hits you with a +0 war axe.
* * * LOW HITPOINT WARNING * * *
The red devil hits you from afar with a +0 trident!!
* * * LOW HITPOINT WARNING * * *
Barbed spikes become lodged in your body.
Aiming: Corrosive Bolt
Press: ? - help, Shift-Dir - straight line, f - orc warrior
Aim: an orc warrior, wielding a +0 war axe and wearing a +0 scale mail (64% to hit)
The bolt of acid hits the orc high priest!
The acid corrodes the orc high priest!
The orc high priest is almost dead.
The bolt of acid hits the orc warrior!
The acid corrodes the orc warrior!
The orc warrior is moderately wounded.
The now-empty wand crumbles to dust.
You block the ice devil's attack.
The orc high priest calls down the wrath of Beogh upon you.
Beogh smites you!
* * * LOW HITPOINT WARNING * * *
The red devil hits you but does no damage.
Okay, then.
Okay, then.
Unknown command.
It was a potion of curing.
You feel better. The ice devil hits you.
* * * LOW HITPOINT WARNING * * *
The ice devil freezes you!!
You die...

#..# #..#.~≈≈≈≈≈≈≈
#..# #..#.~≈≈≈≈≈≈≈
#..# #..#.~≈≈≈≈≈≈≈
#..# #.)#.~≈≈≈≈≈≈≈
#+## ###+##'#'#≈≈≈≈≈≈≈
#.[[#....#≈≈≈≈≈≈≈
#.[[#....#≈≈≈≈≈≈≈
###.######..###≈≈≈≈≈≈≈
...∩..o@....+ ≈≈≈≈≈≈≈
~~~~~~o~4#### ≈≈≈≈≈≈≈
≈≈≈≈≈≈4≈≈≈≈≈≈≈≈≈≈≈≈≈≈≈
≈≈≈≈≈≈≈≈≈≈≈≈≈≈≈≈
≈≈≈≈≈≈≈≈≈≈≈≈≈≈≈≈
≈≈≈≈≈≈≈≈≈≈≈≈≈≈≈≈
≈≈≈≈≈≈≈≈≈≈≈≈≈≈≈≈
################


You could see an orc high priest (corroded), an ice devil (summoned), a red
devil (summoned) and an orc warrior (corroded).

Vanquished Creatures
  An orc knight (Bailey)
  Duvessa (D:4)
  3 ice beasts
  An orc warrior (D:7)
  Pargi (Sewer)
  A black bear (D:5)
  2 ogres
  2 kobold brigands
  Dowan (D:4)
  2 howler monkeys
  A hound (D:6)
  A jelly (D:6)
  An orc priest (D:4)
  4 iguanas
  Terence (D:3)
  2 orc wizards (D:5)
  Natasha (thrice) (D:3)
  Robin (D:3)
  8 gnolls
  6 adders
  A shadow imp (D:5)
  A white imp (D:4)
  3 ufetubi
  A worm (D:5)
  4 dart slugs
  17 orcs
  7 endoplasms
  5 giant cockroaches
  16 goblins
  18 hobgoblins
  5 jackals
  7 quokkas
  8 ball pythons
  8 bats
  3 frilled lizards (D:1)
  14 kobolds
  7 rats
168 creatures vanquished.

Vanquished Creatures (collateral kills)
  An orc warrior (Bailey)
  A hobgoblin (Bailey)
  A goblin (Bailey)
3 creatures vanquished.

Vanquished Creatures (others)
  A withered plant (D:1)
1 creature vanquished.

Grand Total: 172 creatures vanquished

Notes
Turn   | Place    | Note
-------+----------+-------------------------------------------
     0 | D:1      | NinjaNoafa the Troll Fighter began the quest for the Orb.
     0 | D:1      | Reached XP level 1. HP: 22/22 MP: 0/0
   193 | D:1      | Found Umnuet's Weapon Emporium.
   208 | D:1      | Reached XP level 2. HP: 28/29 MP: 1/1
   366 | D:1      | Reached XP level 3. HP: 36/36 MP: 2/2
   606 | D:1      | Reached skill level 3 in Unarmed Combat
   616 | D:1      | Found a faded altar of an unknown god.
   730 | D:2      | Found an opulent altar of Gozag.
   945 | D:2      | Reached XP level 4. HP: 44/44 MP: 3/3
  1577 | D:3      | Found a shadowy altar of Dithmenos.
  1635 | D:2      | Identified the +10 glaive of Pasa {holy, rC+ Int+2 Dex+2}
  1810 | D:3      | Noticed Natasha
  1814 | D:3      | Killed Natasha
  1842 | D:3      | Identified the +8 long sword "Fomol" {heavy, Fragile rF+++
                  | Str+3 Int-4}
  1922 | D:3      | Noticed Terence
  1928 | D:3      | Killed Terence
  1929 | D:3      | Reached skill level 4 in Unarmed Combat
  1929 | D:3      | Reached XP level 5. HP: 53/53 MP: 4/4
  1959 | D:3      | Noticed Natasha
  1965 | D:3      | Killed Natasha
  2143 | D:3      | Noticed Robin
  2153 | D:3      | Killed Robin
  2190 | D:3      | Noticed Natasha
  2221 | D:3      | Killed Natasha
  2691 | D:4      | Reached XP level 6. HP: 61/61 MP: 5/5
  2784 | D:4      | Noticed Dowan
  2785 | D:4      | Noticed Duvessa
  2804 | D:4      | Killed Duvessa
  2805 | D:4      | Reached skill level 5 in Unarmed Combat
  2825 | D:4      | Killed Dowan
  2853 | D:4      | Found a glowing drain.
  2869 | Sewer    | Entered a sewer
  2896 | Sewer    | Noticed Pargi
  2905 | Sewer    | Killed Pargi
  2906 | Sewer    | Reached XP level 7. HP: 52/68 MP: 6/6
  3375 | D:5      | Entered Level 5 of the Dungeon
  3389 | D:5      | Reached skill level 6 in Unarmed Combat
  3912 | D:5      | Reached skill level 5 in Shields
  3912 | D:5      | Reached XP level 8. HP: 57/79 MP: 7/7
  3983 | D:5      | Reached skill level 7 in Unarmed Combat
  4863 | D:7      | Reached skill level 5 in Fighting
  4876 | D:7      | Found a flagged portal.
  4885 | D:7      | Reached skill level 8 in Unarmed Combat
  4912 | Bailey   | Entered a bailey
  5022 | Bailey   | Noticed an orc knight
  5064 | Bailey   | Killed an orc knight
  5065 | Bailey   | Reached XP level 9. HP: 35/88 MP: 8/8
  5119 | Bailey   | Noticed an orc high priest
  5121 | Bailey   | Noticed a red devil
  5128 | Bailey   | Noticed an ice devil
  5131 | Bailey   | Mangled by an ice devil

Illustrated notes

Levels and vault maps discovered:
D:1:      dpeg_arrival_chambers_temple_mockup, layout_basic,
          shapermc_ecumenical_altar_flowoftime, serial_shops,
          nicolae_shop_bloodbath_and_beyond
D:2:      minmay_thinvault, layout_loops_ring, basic_altar
D:3:      layout_loops_corners, old_standard_altar, kennysheep_generic_room_3,
          uniq_natasha, uniq_terence, uniq_robin
D:4:      layout_basic, portal_sewer_entry_f, corexii_leaking_fountain,
          uniq_duvessa
D:5:      layout_rooms, minmay_circle_x
D:6:      layout_cave_pods
D:7:      layout_loops_cross, minmay_temple_entry_arrows, enter_bailey_4
Bailey:   bailey_axe_of_yendor_kennysheep, bailey

Skill      XL: |  1  2  3  4  5  6  7  8 |
---------------+-------------------------+-----
Shields        | 3 4 5 6 |  6.2
Unarmed Combat | 3 4 5 6 8 |  8.9
Fighting       | 3 4 5 |  5.5
Dodging        | |  2.4

Action                     |  1- 3 |  4- 6 |  7- 9 || total
---------------------------+-------+-------+-------++-------
  Melee: Unarmed           |   137 |   143 |   237 ||   517
  Evoke: Wand              |       |       |     6 ||     6
    Use: Potion            |       |       |     1 ||     1
 Armour: Robe              |    64 |    24 |       ||    88
         Troll leather arm |       |       |    84 ||    84
  Dodge: Dodged            |    57 |    38 |    93 ||   188
  Block: Kite shield       |    59 |    49 |   131 ||   239

Table legend: (Time is in decaauts)
 A = Elapsed time spent in this place.
 B = Non-inter-level travel time spent in this place.
 C = Inter-level travel time spent in this place.
 D = Time resting spent in this place.
 E = Time spent auto-exploring this place.
 F = Levels seen in this place.
 G = Mean time per level.
                   A        B        C        D        E       F      G
               +--------+--------+--------+--------+--------+-----+--------+
         Total |   5144 |   4503 |    641 |      0 |   3203 |   9 |  571.6 |
       Dungeon |   4759 |   4118 |    641 |      0 |   3017 |   7 |  679.9 |
         Sewer |    168 |    168 |      0 |      0 |    111 |   1 |  168.0 |
        Bailey |    216 |    216 |      0 |      0 |     75 |   1 |  216.0 |
               +--------+--------+--------+--------+--------+-----+--------+

Top non-repeatable levels by time:
     D:3: 1186 daAuts
     D:2: 990 daAuts
     D:4: 807 daAuts
     D:1: 691 daAuts
     D:6: 645 daAuts
     D:5: 372 daAuts
  Bailey: 216 daAuts
   Sewer: 168 daAuts
     D:7: 65 daAuts
